 Dungeon Crawl Stone Soup version 0.29.0-15-g675c0067aa (webtiles) character file.

Game seed: 9520357113002446354

141 SensoryNuts the Chopper (level 5, -2/51 HPs)
             Began as a Minotaur Fighter on Sept 11, 2022.
             Killed from afar by Natasha (22 damage)
             ... with a bolt of dispelling energy
             ... on level 2 of the Dungeon.
             The game lasted 00:01:58 (1853 turns).

SensoryNuts the Chopper (Minotaur Fighter)          Turns: 1853, Time: 00:01:58

Health: -2/51      AC:  8    Str: 22    XL:     5   Next: 3%
Magic:  4/4        EV: 13    Int:  5    God:
Gold:   59         SH:  9    Dex: 10    Spells: 4/4 levels left

rFire   . . .      SeeInvis .   a - +0 war axe
rCold   + . .      Faith    .   c - +0 buckler
rNeg    . . .      Spirit   .   b - +0 scale mail
rPois   +          Reflect  +   (helmet restricted)
rElec   .          Harm     .   r - +0 cloak
rCorr   .          Rampage  .   (no gloves)
Will    .....                   (no boots)
Stlth   ..........              k - amulet of reflection
HPRegen 0.17/turn               e - +4 ring of evasion
MPRegen 0.09/turn               (no ring)

@: no status effects
A: horns 2, retaliatory headbutt, cold resistance 1, poison resistance, robust 1
a: no special abilities


You were on level 2 of the Dungeon.
You visited 1 branch of the dungeon, and saw 2 of its levels.

You collected 59 gold pieces.

Inventory:

Hand Weapons
 a - a +0 war axe (weapon)
Armour
 b - a +0 scale mail (worn)
 c - a +0 buckler (worn)
 r - a +0 cloak (worn)
Jewellery
 e - a +4 ring of evasion (left hand)
 k - an amulet of reflection (around neck)
 s - a ring of willpower
Wands
 t - a wand of iceblast (8)
Scrolls
 d - a scroll of immolation {unknown}
 g - 3 scrolls of identify {unknown}
 h - a scroll of fear {unknown}
 i - a scroll of acquirement {unknown}
 j - 3 scrolls of enchant weapon {unknown}
 m - a scroll of silence {unknown}
 n - a scroll of magic mapping {unknown}
 q - 2 scrolls of fog {unknown}
Potions
 f - a potion of mutation
 l - a potion of attraction {unknown}
 o - a potion of degeneration {unknown}
 p - a potion of curing {unknown}
 u - a potion of ambrosia {unknown}


   Skills:
 + Level 4.4 Fighting
 * Level 4.6 Axes
 + Level 4.5 Armour
 + Level 0.1 Dodging
 + Level 4.1 Shields


You had 4 spell levels left.
You didn't know any spells.
Your spell library was empty.

Dungeon Overview and Level Annotations

Branches:
Dungeon (2/15)

Altars:
Kikubaaqudgha

Annotations:
D:2 Natasha


Innate Abilities, Weirdness & Mutations

You have a pair of horns on your head.
You reflexively headbutt those who attack you in melee.
Your flesh is cold resistant. (rC+)
Your system is resistant to poisons. (rPois)
You are robust. (+10% HP)


Message History

You are too injured to fight recklessly!
You are too injured to fight recklessly!
You are too injured to fight recklessly!
You are too injured to fight recklessly!
You are too injured to fight recklessly!
You are too injured to fight recklessly!
You are too injured to fight recklessly!
You are too injured to fight recklessly!
You are too injured to fight recklessly!
You are too injured to fight recklessly!
You are too injured to fight recklessly!
You are too injured to fight recklessly!
You are too injured to fight recklessly!
You are too injured to fight recklessly!
You are too injured to fight recklessly!
You are too injured to fight recklessly!
You are too injured to fight recklessly!
You are too injured to fight recklessly!
You are too injured to fight recklessly!
You are too injured to fight recklessly!
You are too injured to fight recklessly!
You are too injured to fight recklessly!
Unknown command.
You slash Natasha!
Natasha is heavily wounded.
You block Natasha's attack.
Natasha stares at you and mumbles some strange words.
The magic dart hits you.
You barely miss Natasha.
Natasha is heavily wounded.
Natasha claws you.
You hit Natasha but do no damage. Your headbutt misses Natasha.
Natasha is heavily wounded.
Natasha claws you.
You barely miss Natasha. Your headbutt misses Natasha.
Natasha is heavily wounded.
Natasha stares at you and mumbles some strange words.
You resist with some effort.
Natasha zaps a wand.
The bolt of dispelling energy hits you!!
You die...

.# ##.#.#.####.........# .#
#.#.#.#............# #### .#
#.#.#.#.##....._...# #... .#
#.#.#.#.###........######.## >#
#.........................#
.#######.....#####...########..#
.#....÷.......#####.## #..#
..†.).).........###.# #..#
##.####.#.......@h..#### #..#
#.# #.................# #..# #.#
#..##.............######..# #.#
#..###.....######.........# #.#
#..# ###.### #..###.#.## #.#
#..#####.# #..# #.#.### #.#
#........# #..###...... #.#
#.#####..# #†.....##### #.# #..#
#.##†#.#


You could see Natasha.

Vanquished Creatures
  Terence (D:2)
  Natasha (twice) (D:2)
  2 adders (D:2)
  A dart slug (D:2)
  An endoplasm (D:1)
  3 giant cockroaches
  5 goblins
  7 hobgoblins
  3 jackals (D:1)
  8 kobolds
  A quokka (D:2)
  A ball python (D:1)
  3 bats
  2 frilled lizards (D:2)
  4 rats
44 creatures vanquished.

Notes
Turn   | Place    | Note
-------+----------+-------------------------------------------
     0 | D:1      | SensoryNuts the Minotaur Fighter began the quest for the
                  | Orb.
     0 | D:1      | Reached XP level 1. HP: 19/19 MP: 0/0
   443 | D:1      | Found a faded altar of an unknown god.
   526 | D:1      | Reached XP level 2. HP: 27/27 MP: 1/1
  1126 | D:2      | Noticed Terence
  1131 | D:2      | Killed Terence
  1132 | D:2      | Reached XP level 3. HP: 32/33 MP: 2/2
  1247 | D:2      | Found an ancient bone altar of Kikubaaqudgha.
  1272 | D:2      | Reached XP level 4. HP: 40/40 MP: 3/3
  1298 | D:2      | Noticed Natasha
  1300 | D:2      | Gained mutation: Your system is resistant to poisons.
                  | (rPois) [potion of mutation]
  1300 | D:2      | Gained mutation: You are robust. (+10% HP) [potion of
                  | mutation]
  1300 | D:2      | Gained mutation: Your flesh is cold resistant. (rC+)
                  | [potion of mutation]
  1303 | D:2      | Killed Natasha
  1731 | D:2      | Noticed Natasha
  1737 | D:2      | Killed Natasha
  1738 | D:2      | Reached XP level 5. HP: 48/51 MP: 4/4
  1844 | D:2      | Noticed Natasha
  1853 | D:2      | Killed from afar by Natasha

Illustrated notes

Levels and vault maps discovered:
D:1:      heliophobic_arrival_ceremonial_halls, layout_basic,
          shapermc_ecumenical_altar_ellora, serial_bayou_crossing
D:2:      layout_loops_ring, basic_altar, minivault_24, kennysheep_another_room,
          uniq_terence, uniq_natasha

Skill      XL: |  1  2  3  4 |
---------------+-------------+-----
Shields        | 4 |  4.1
Fighting       | 4 |  4.4
Axes           | 3 4 |  4.6
Armour         | 4 |  4.5
Dodging        | |  0.1

Action                   |  1- 3 |  4- 6 || total
-------------------------+-------+-------++-------
Melee: War axe           |    53 |    25 ||    78
       Headbutt          |     6 |     1 ||     7
  Use: Potion            |     1 |     2 ||     3
Armor: Scale mail        |    23 |     2 ||    25
       Skin              |       |     1 ||     1
Dodge: Dodged            |    20 |    12 ||    32
Block: Buckler           |    16 |     6 ||    22
       Reflection        |     2 |     1 ||     3
